 Dungeon Crawl Stone Soup version 0.29-a0-824-gd827844252 (webtiles) character file.

Game seed: 13202994430297995633

4341 kevlar127 the Grappler (level 10, 0/106 HPs)
             Began as a Troll Berserker on July 9, 2022.
             Was a Priest of Trog.
             Slain by a hornet (9 damage)
             ... on level 8 of the Dungeon.
             The game lasted 00:17:52 (6621 turns).

kevlar127 the Grappler (Troll Berserker)            Turns: 6621, Time: 00:17:52

Health: 0/106      AC:  4    Str: 31    XL:     10   Next: 12%
Magic:  9/9        EV: 10    Int:  3    God:    Trog [***...]
Gold:   253        SH:  0    Dex:  9    Spells: 9/9 levels left

rFire   . . .      SeeInvis .     - Unarmed
rCold   . . .      Faith    .   (no shield)
rNeg    + . .      Spirit   .   a - +0 animal skin
rPois   .          Reflect  .   (helmet restricted)
rElec   .          Harm     .   (no cloak)
rCorr   .          Rampage  .   (gloves unavailable)
Will    ++...                   (boots unavailable)
Stlth   +.........              (no amulet)
HPRegen 2.07/turn               B - ring of positive energy
MPRegen 0.11/turn               (no ring)

@: about to teleport, strong-willed, regenerating, slowed, very slow
A: large, unfitting armour, claws 3, regeneration 1, shaggy fur 1, tough skin 1
a: Renounce Religion, Berserk, Trog's Hand


You were on level 8 of the Dungeon.
You worshipped Trog.
Trog was most pleased with you.
You visited 1 branch of the dungeon, and saw 8 of its levels.

You collected 428 gold pieces.
You spent 175 gold pieces at shops.

Inventory:

Missiles
 j - 36 poisoned darts
 n - 38 stones
 r - 2 silver javelins
 z - 3 javelins
 F - 3 boomerangs (quivered)
 J - 2 large rocks
Armour
 a - a +0 animal skin (worn)
Jewellery
 c - a ring of magical power
 B - a ring of positive energy (left claw)
 L - a ring of see invisible
Wands
 x - a wand of paralysis (1)
 E - a wand of iceblast (4)
 H - a wand of flame (10)
 I - a wand of quicksilver (8)
Scrolls
 b - 2 scrolls of blinking {unknown}
 e - 12 scrolls of identify
 f - 5 scrolls of enchant armour {unknown}
 g - 4 scrolls of magic mapping {unknown}
 i - 2 scrolls of fear
 k - 2 scrolls of poison {unknown}
 o - 3 scrolls of fog
 p - 6 scrolls of amnesia
 q - 5 scrolls of noise {unknown}
 v - 2 scrolls of teleportation
 y - a scroll of vulnerability {unknown}
 C - a scroll of immolation {unknown}
 G - 2 scrolls of enchant weapon {unknown}
Potions
 d - a potion of berserk rage {unknown}
 h - 2 potions of flight {unknown}
 l - 2 potions of resistance {unknown}
 m - 3 potions of ambrosia {unknown}
 s - a potion of degeneration {unknown}
 t - 2 potions of attraction {unknown}
 u - a potion of lignification {unknown}
 w - a potion of haste {unknown}
 A - a potion of curing {unknown}
 D - a potion of mutation {unknown}
 K - a potion of brilliance {unknown}


   Skills:
 + Level 8.4 Fighting
 - Level 5.0 Throwing
 - Level 2.4 Dodging
 + Level 10.0 Unarmed Combat
 + Level 1.3 Evocations


You had 9 spell levels left.
You didn't know any spells.
Your spell library was empty.

Dungeon Overview and Level Annotations

Branches:
Dungeon (8/15)             Temple (0/1) D:6
   Lair: D:8-11

Altars:
The Shining One

Shops:
D:5 ?


Innate Abilities, Weirdness & Mutations

You are too large for most types of armour.
You have claws for hands.
Your natural rate of healing is unusually fast.
You are covered in fur. (AC +1)
You have tough skin. (AC +1)


Message History

You feel as though you will be slow longer.
The goblin moves out of view.
You closely miss the hornet.
The hornet is moderately wounded.
You feel sick. The bullfrog hits you.
The hornet stings you but does no damage.
The bullfrog hits you. The hornet stings you!
You feel as though you will be slow longer.
You are too injured to fight recklessly!
You scratch the hornet but do no damage.
The hornet is moderately wounded.
You feel sick. The bullfrog hits you. The hornet stings you.
You feel as though you will be slow longer.
A goblin comes into view. It is wielding a +0 spear.
The bullfrog hits you! The hornet stings you.
You feel as though you will be slow longer.
Your skin crawls.
You feel strong-willed.
You feel sick. The bullfrog hits you. The hornet stings you.
* * * LOW HITPOINT WARNING * * *
You feel as though you will be slow longer.
The bullfrog closely misses you.
The goblin hits you from afar with a +0 spear.
* * * LOW HITPOINT WARNING * * *
The hornet stings you but does no damage.
You hear the loud creaking of a portcullis.
You feel sick. The hornet stings you!
* * * LOW HITPOINT WARNING * * *
You feel as though you will be slow longer.
The bullfrog hits you but does no damage.
The hornet stings you!
* * * LOW HITPOINT WARNING * * *
You feel as though you will be slow longer.
The bullfrog barely misses you. The goblin hits you but does no damage.
As you read the scroll of teleportation, it crumbles to dust.
You feel strangely unstable.
You feel sick.
You are no longer poisoned.
The hornet barely misses you. The bullfrog closely misses you.
The hornet stings you!
You die...

#..###.≈≈≈≈≈≈≈....#..###.## #.
...##..≈#####≈..#...## #..## #.
...##..≈# #≈..#...# #...# #..
.......≈# #≈.###..##.##..###..#
.#.....≈#. #≈.##.......##......#
.##....≈##.##≈........###.......#
.....#.≈≈≈g≈≈≈.....#.....##.....#
.....#.....g.g........###.##.....
#..#.....#...#gF@.....##.....#..#
#.##........ ##y.............####
..# #..###. #..............## #
.####..### .................###
.# #....# .................#...
.# ....###..................##..
## ##........................##..
.###.....................#......#
........# .. ....#....###


You could see a hornet, a bullfrog and 4 goblins.

Vanquished Creatures
  A two-headed ogre (D:8)
  Pikel (D:3)
  The ghost of zhov the Skirmisher, a novice FoHu of Hepliaklqana (D:5)
  2 steam dragons
  A water moccasin (D:7)
  An orc warrior (D:6)
  2 ice beasts
  A black bear (D:5)
  A sky beast (D:6)
  3 centaurs
  An ogre (D:5)
  A phantom (D:5)
  3 lemures
  A kobold brigand (D:7)
  5 bullfrogs
  2 necrophages
  2 scorpions
  A water moccasin zombie (D:5)
  5 wights (D:7)
  2 howler monkeys
  A vampire bat (D:4)
  2 orc priests (D:6)
  A bullfrog zombie (D:5)
  4 hounds
  4 jellies
  A centaur skeleton (D:5)
  3 iguanas
  8 orc wizards
  8 adders
  A shadow imp (D:7)
  A white imp (D:6)
  An ufetubus (D:5)
  A worm (D:2)
  3 dart slugs
  11 orcs
  8 ball pythons
  2 endoplasms (D:2)
  3 giant cockroaches (D:3)
  A hobgoblin (D:2)
  2 quokkas
  12 bats
  7 frilled lizards
  7 goblins
  9 kobolds
  6 rats
144 creatures vanquished.

Vanquished Creatures (others)
  4 plants (D:2)
4 creatures vanquished.

Grand Total: 148 creatures vanquished

Notes
Turn   | Place    | Note
-------+----------+-------------------------------------------
     0 | D:1      | kevlar127 the Troll Berserker began the quest for the Orb.
     0 | D:1      | Reached XP level 1. HP: 22/22 MP: 0/0
   365 | D:1      | Reached XP level 2. HP: 28/29 MP: 1/1
  1093 | D:2      | Reached XP level 3. HP: 37/37 MP: 2/2
  1137 | D:2      | Found a faded altar of an unknown god.
  1575 | D:3      | You fall into a shaft and drop 3 floors!
  1578 | D:6      | Noticed a centaur
  1593 | D:6      | Killed a centaur
  1594 | D:6      | Reached skill level 4 in Unarmed Combat
  1594 | D:6      | Reached XP level 4. HP: 26/48 MP: 3/3
  1594 | D:6      | Reached XP level 5. HP: 30/54 MP: 4/4
  1604 | D:6      | Reached ** piety under Trog
  1699 | D:6      | Noticed a sky beast
  1708 | D:6      | Killed a sky beast
  1709 | D:6      | Reached skill level 5 in Unarmed Combat
  1709 | D:6      | Reached XP level 6. HP: 50/63 MP: 5/5
  1869 | D:5      | Entered Level 5 of the Dungeon
  1902 | D:5      | Noticed an ice beast
  1908 | D:5      | Killed an ice beast
  1978 | D:5      | Reached skill level 5 in Fighting
  1978 | D:5      | Reached skill level 6 in Unarmed Combat
  1978 | D:5      | Reached XP level 7. HP: 70/72 MP: 6/6
  2464 | D:3      | Reached *** piety under Trog
  2798 | D:4      | Noticed Pikel
  2803 | D:4      | Paralysed by Pikel for 4 turns
  2823 | D:3      | Killed Pikel
  2824 | D:3      | Reached skill level 7 in Unarmed Combat
  2824 | D:3      | Reached XP level 8. HP: 68/83 MP: 7/7
  3533 | D:5      | Found Ogen's Magic Scroll Boutique.
  3536 | D:5      | Bought a scroll of fog for 22 gold pieces
  3536 | D:5      | Bought a scroll of amnesia for 38 gold pieces
  3536 | D:5      | Bought a scroll of fear for 38 gold pieces
  3536 | D:5      | Bought a scroll of teleportation for 33 gold pieces
  3536 | D:5      | Bought a scroll of identify for 22 gold pieces
  3536 | D:5      | Bought a scroll of identify for 22 gold pieces
  3658 | D:5      | Reached skill level 1 in Throwing
  3694 | D:5      | Reached skill level 8 in Unarmed Combat
  3716 | D:5      | Found a transporter.
  3718 | D:5      | Noticed zhov's ghost (novice FoHu)
  3755 | D:5      | Found a transporter.
  4667 | D:5      | Killed zhov's ghost
  4668 | D:5      | Reached XP level 9. HP: 77/93 MP: 8/8
  5134 | D:6      | Found a staircase to the Ecumenical Temple.
  5249 | D:7      | Reached skill level 9 in Unarmed Combat
  5587 | D:7      | Found a glowing golden altar of the Shining One.
  6083 | D:8      | Reached **** piety under Trog
  6189 | D:8      | Noticed a two-headed ogre
  6200 | D:8      | Killed a two-headed ogre
  6201 | D:8      | Reached skill level 5 in Throwing
  6201 | D:8      | Reached skill level 1 in Evocations
  6201 | D:8      | Reached XP level 10. HP: 32/105 MP: 9/9
  6357 | D:8      | Reached skill level 10 in Unarmed Combat
  6613 | D:8      | Paralysed by a hornet for 3 turns
  6621 | D:8      | Slain by a hornet

Illustrated notes

Levels and vault maps discovered:
D:1:      heliophobic_arrival_ceremonial_halls, layout_basic,
          nrook_loot_triangle
D:2:      layout_basic, ebering_ecumenical_altar_mist, minmay_shallow_snake_nest
D:3:      layout_loops_cross
D:4:      layout_loops_ring, minmay_misc_feat_encased, roderic_batcave,
          nicolae_eternal_life, minmay_a_box_with_orc_wizards_in_it, uniq_pikel
D:5:      layout_basic, serial_shops, kennysheep_mini, gammafunk_ghost_mausoleum
D:6:      layout_loops_cross, minmay_temple_entry_fiery
D:7:      layout_rooms, nicolae_tso_swordbearing_angel
D:8:      layout_layer_cave, mainiacjoe_overflow_alcove_3, enter_bailey_3,
          st_stairs_4

Skill      XL: |  1  2  3  4  5  6  7  8  9 10 |
---------------+-------------------------------+-----
Fighting       | 3 4 5 6 7 8 |  8.4
Unarmed Combat | 4 5 6 7 8 9 10 | 10.0
Throwing       | 3 5 |  5.0
Evocations     | 1 |  1.3
Dodging        | |  2.4

Action                   |  1- 3 |  4- 6 |  7- 9 | 10-12 || total
-------------------------+-------+-------+-------+-------++-------
Melee: Unarmed           |    98 |    39 |   279 |    15 ||   431
       Punch             |     1 |       |    10 |     1 ||    12
Throw: Javelin           |       |       |     2 |       ||     2
Invok: Berserk           |     1 |       |     2 |       ||     3
       Trog's Hand       |       |       |     2 |     1 ||     3
  Use: Scroll            |       |       |       |     1 ||     1
 Stab: Sleeping          |       |       |     1 |       ||     1
Armor: Animal skin       |    33 |    14 |    83 |     7 ||   137
Dodge: Dodged            |    57 |    11 |   141 |    10 ||   219

Table legend: (Time is in decaauts)
 A = Elapsed time spent in this place.
 B = Non-inter-level travel time spent in this place.
 C = Inter-level travel time spent in this place.
 D = Time resting spent in this place.
 E = Time spent auto-exploring this place.
 F = Levels seen in this place.
 G = Mean time per level.
                   A        B        C        D        E       F      G
               +--------+--------+--------+--------+--------+-----+--------+
         Total |   6599 |   6050 |    549 |    641 |   4333 |   8 |  824.9 |
       Dungeon |   6599 |   6050 |    549 |    641 |   4333 |   8 |  824.9 |
               +--------+--------+--------+--------+--------+-----+--------+

Top non-repeatable levels by time:
     D:6: 1179 daAuts
     D:5: 906 daAuts
     D:4: 863 daAuts
     D:1: 859 daAuts
     D:3: 727 daAuts
     D:8: 709 daAuts
     D:7: 707 daAuts
     D:2: 645 daAuts
